General information
			
			
        
        - name: BNet
 
        - type: Ladder 1vs1/FFA
 
        - host: Battle.net
 
        - saver: BEAR_AND
 
        
map: TwistedMeadows 
        - players: 2
 
        - length: 14:01
 
        - speed: Fast
 - version: 1.22 W3XP
 - replay type:  

 
» download(40 KB)
Players
        team 1 (winner) 
              
              
BEAR_AND (
purple | 105 APM | 1468 actions | 14:01)
              
 4 Death Knight 
 2 Death Coil
 2 Unholy Aura
 2 Lich 
 1 Frost Armor
 1 Frost Nova
 
                » actions 
                
                | Assign group hotkey | 23 |  | 
| Build / train | 51 |  | 
| Enter build submenu | 17 |  | 
| Enter hero's abilities submenu | 6 |  | 
| Give item / drop item | 2 |  | 
| Remove unit from queue | 6 |  | 
| Right click | 909 |  | 
| Select / deselect | 244 |  | 
| Select group hotkey | 153 |  | 
| Use ability | 57 |  | 
                1468 total
 » units 
                
                | Acolyte | 4 |  | 
| Ghoul | 3 |  | 
| Crypt Fiend | 8 |  | 
| Obsidian Statue | 1 |  | 
                16 total
 » upgrades
                
                | Burrow | 1 |  | 
| Web | 1 |  | 
| Creature Attack | 2 |  | 
| Destroyer Form | 1 |  | 
                5 total
 » buildings
                
                | Graveyard | 1 |  | 
| Crypt | 1 |  | 
| Ziggurat | 5 |  | 
| Altar of Darkness | 1 |  | 
| Nerubian Tower | 1 |  | 
| Tomb of Relics | 1 |  | 
| Halls of the Dead | 2 |  | 
| Slaughterhouse | 2 |  | 
| Black Citadel | 1 |  | 
| Sacrificial Pit | 1 |  | 
                16 total
 » build order
                00:14 Graveyard
00:16 Crypt
00:30 Ziggurat
00:32 Ziggurat
01:03 Altar of Darkness
01:24 Nerubian Tower
01:33 Tomb of Relics
02:15 Ziggurat
03:35 Ziggurat
04:49 Halls of the Dead
07:11 Ziggurat
07:45 Slaughterhouse
07:48 Slaughterhouse
10:56 Black Citadel
12:32 Sacrificial Pit
» items
                
                | Rod of Necromancy | 2 |  | 
| Dust of Appearance | 1 |  | 
| Scroll of Town Portal | 1 |  | 
| Potion of Mana | 1 |  | 
                5 total
  
               team 2 (loser) 
              
              
Fiery_WA (
pink | 25 APM | 345 actions | 14:00)
              
 2 Blademaster 
 1 Wind Walk
 1 Mirror Image
 1 Far Seer 
 1 Chain Lighting
 
                » actions 
                
                | Basic commands | 7 |  | 
| Build / train | 22 |  | 
| Enter build submenu | 11 |  | 
| Enter hero's abilities submenu | 3 |  | 
| Right click | 186 |  | 
| Select / deselect | 83 |  | 
| Use ability | 33 |  | 
                345 total
 » units 
                
                | Peon | 8 |  | 
| Grunt | 3 |  | 
| Troll Headhunter/Berserker | 3 |  | 
| Demolisher | 1 |  | 
                15 total
 » upgrades
                » buildings
                
                | Altar of Storms | 1 |  | 
| Orc Burrow | 5 |  | 
| Barracks | 1 |  | 
| War Mill | 1 |  | 
| Stronghold | 1 |  | 
| Voodoo Lounge | 1 |  | 
| Great Hall | 2 |  | 
                12 total
 » build order
                00:08 Altar of Storms
00:14 Orc Burrow
01:09 Barracks
01:15 War Mill
01:40 Orc Burrow
03:11 Stronghold
04:00 Orc Burrow
04:43 Voodoo Lounge
07:20 Orc Burrow
08:23 Orc Burrow
09:13 Great Hall
10:29 Great Hall
 
                Chat log
          (00:06 / All) BEAR_AND: lmfao remember when i highperched you
(00:08 / All) BEAR_AND: twice in a ROW
(00:45 / All) BEAR_AND: >?????
(09:44 / All) BEAR_AND: goddamn you're still bad
(10:10 / All) BEAR_AND: ROFL
(10:17 / All) BEAR_AND: http://highper.ch/
(11:08 / All) BEAR_AND: leave shitnoob
(11:12 / All) BEAR_AND: owned by clan towa
(11:13 / All) BEAR_AND: again
(11:48 / All) BEAR_AND: get the fuck out
(12:42 / All) BEAR_AND: bye
(12:45 / All) BEAR_AND: retard
(13:29 / All) BEAR_AND: sorry noob
(13:31 / All) BEAR_AND: you're out
(13:45 / All) BEAR_AND: i'm rushing towards your southwest expo
(13:46 / All) BEAR_AND: now
(13:57 / All) BEAR_AND: now you may leave